 Dungeon Crawl Stone Soup version 0.20-a0-2-g2b0e13a (webtiles) character file.

95 Leibowitz the Poker (level 4, -1/36 HPs)
             Began as a Demigod Gladiator on Oct 29, 2016.
             Slain by Crazy Yiuf
             ... wielding a +4 quarterstaff of chaos
              (8 damage)
             ... on level 2 of the Dungeon.
             The game lasted 00:03:47 (1813 turns).

Leibowitz the Poker (Demigod Gladiator)             Turns: 1813, Time: 00:03:48

Health: -1/36      AC:  9    Str: 22    XL:     4   Next: 17%
Magic:  6/6        EV: 12    Int: 12    God:
Gold:   132        SH:  0    Dex: 18    Spells: 0 memorised, 3 levels left

rFire  . . .     SeeInvis .     a - +0 trident
rCold  . . .     Gourm    .     p - +1 scale mail {MR+}
rNeg   . . .     Faith    .     (no shield)
rPois  .         Spirit   .     c - +0 helmet
rElec  .         Reflect  .     (no cloak)
rCorr  .         Harm     .     j - +0 pair of gloves
MR     +....                    (no boots)
Stlth  ..........               (no amulet)
                                (no ring)
                                q - +4 ring of strength

@: no status effects
A: high mp 1
a: no special abilities


You were on level 2 of the Dungeon.
You were not hungry.

You visited 1 branch of the dungeon, and saw 2 of its levels.

You collected 132 gold pieces.

Inventory:

Hand Weapons
 a - a +0 trident (weapon)
Armour
 c - a +0 helmet (worn)
 j - a +0 pair of gloves (worn)
 p - a +1 scale mail of magic resistance (worn)
Jewellery
 q - a +4 ring of strength (left hand)
Wands
 m - a wand of slowing (9/48)
Scrolls
 e - 3 scrolls of identify {unknown}
 h - a scroll of recharging {unknown}
 i - a scroll of remove curse {unknown}
 k - 2 scrolls of enchant armour {unknown}
 l - a scroll of fog {unknown}
 o - a scroll of immolation {unknown}
Potions
 g - 2 potions of curing {unknown}
 n - a potion of degeneration {unknown}
Comestibles
 b - a chunk of flesh
 f - 2 bread rations


   Skills:
 + Level 2.0 Fighting
 + Level 3.9 Polearms
 + Level 1.7 Throwing
 + Level 1.5 Armour
 + Level 3.1 Dodging


You had 3 spell levels left.
You didn't know any spells.

Dungeon Overview and Level Annotations

Branches:
Dungeon (2/15)

Annotations:
D:2 Crazy Yiuf


Innate Abilities, Weirdness & Mutations

You have an increased reservoir of magic. (+10% MP)


Message History

Crazy Yiuf struggles against the net.
You hit Crazy Yiuf.
Crazy Yiuf is moderately wounded.
Crazy Yiuf glowers.
Crazy Yiuf struggles against the net.
You hit Crazy Yiuf.
Crazy Yiuf is heavily wounded.
Crazy Yiuf struggles against the net.
Your scale mail prevents you from hitting Crazy Yiuf.
Crazy Yiuf is heavily wounded.
Crazy Yiuf struggles against the net.
The net rips apart, and Crazy Yiuf comes free!
You hit Crazy Yiuf.
Crazy Yiuf is heavily wounded.
Crazy Yiuf hits you but does no damage.
You are electrocuted!
* * * LOW HITPOINT WARNING * * *
You hit Crazy Yiuf but do no damage.
Crazy Yiuf is heavily wounded.
Crazy Yiuf hits you with a quarterstaff of chaos!
You die...

#.####....# #.#
#....# #.#
♣....♣ #.#
♣♣...♣ #.# ♣♣.♣♣
#.# ♣♣.♣ #.#
♣.♣♣ #(# ♣♣.♣
#.# ♣@♣♣ ##.#
#g# #..# ...
######..# #...#
#....#..# #)(.#
#....#..# #####
#....#..# ######
#....#..######
#.....
#....#.......###
#.....


You could see Crazy Yiuf.

Vanquished Creatures
  Terence (D:2)
  An adder (D:2)
  A gnoll (D:1)
  An ooze (D:1)
  2 worms (D:2)
  2 dart slugs (D:1)
  A leopard gecko (D:1)
  A bat (D:1)
  2 giant cockroaches
  8 goblins
  2 hobgoblins
  8 kobolds (D:1)
  2 frilled lizards
  3 rats
35 creatures vanquished.

Notes
Turn   | Place    | Note
-------+----------+-------------------------------------------
     0 | D:1      | Leibowitz the Demigod Gladiator began the quest for the Orb.
     0 | D:1      | Reached XP level 1. HP: 17/17 MP: 3/3
   110 | D:1      | Reached XP level 2. HP: 19/24 MP: 4/4
   758 | D:1      | Reached XP level 3. HP: 28/29 MP: 5/5
  1308 | D:2      | Reached skill level 1 in Armour
  1535 | D:2      | Found an ancient bone altar of Kikubaaqudgha.
  1543 | D:2      | Noticed Terence
  1562 | D:2      | Killed Terence
  1562 | D:2      | Reached XP level 4. HP: 27/36 MP: 6/6
  1799 | D:2      | Found a runed door.
  1803 | D:2      | Noticed Crazy Yiuf
  1813 | D:2      | Slain by Crazy Yiuf

Vault maps used:
D:1:      dpeg_arrival_renting
D:2:      kiku_gazebo_garden_becter, minmay_pentomino_z4, uniq_terence,
          uniq_crazy_yiuf_cottage

Skill      XL: |  1  2  3 |
---------------+----------+-----
Polearms       | 3 |  3.9
Fighting       | 2 |  2.0
Dodging        | 3 |  3.1
Armour         | 1 |  1.5
Throwing       | |  1.7

Action                   |  1- 3 |  4- 6 || total
-------------------------+-------+-------++-------
Melee: Trident           |   112 |    21 ||   133
Throw: Throwing net      |     1 |     2 ||     3
Evoke: Wand              |       |     4 ||     4
 Stab: Held in net/web   |     2 |       ||     2
       Distracted        |     1 |       ||     1
  Eat: Chunk             |     2 |     1 ||     3
Armor: Leather armour    |    18 |       ||    18
       Scale mail        |       |     3 ||     3
Dodge: Dodged            |    71 |     5 ||    76
